 Dungeon Crawl Stone Soup version 0.27-a0-1217-g8a41f320e8 (webtiles) character file.

Game seed: 8416065147476065126

516 Glokmah the Poker (level 7, -2/56 HPs)
             Began as a Formicid Abyssal Knight on June 6, 2021.
             Was a Priest of Lugonu.
             Slain by a water moccasin (4 damage)
             ... on level 5 of the Dungeon.
             The game lasted 00:07:43 (4558 turns).

Glokmah the Poker (Formicid Abyssal Knight)         Turns: 4558, Time: 00:07:45

Health: -2/56      AC:  5    Str: 17    XL:     7   Next: 44%
Magic:  10/10      EV: 10    Int: 12    God:    Lugonu [***...]
Gold:   204        SH:  9    Dex: 11    Spells: 6/6 levels left

rFire    . . .     SeeInvis +   a - +1 trident
rCold    . . .     Faith    .   t - +0 buckler
rNeg     . . .     Spirit   .   f - +0 ring mail
rPois    .         Reflect  +   (helmet unavailable)
rElec    .         Harm     .   (no cloak)
rCorr    .         Rampage  .   (no gloves)
Will     .....                  (no boots)
Stlth    +.........             n - amulet of reflection
HPRegen  0.18/turn              (no ring)
MPRegen  0.12/turn              (no ring)

@: lethally poisoned (-2 -> -23)
A: permanent stasis, dig shafts and tunnels, antennae 3, four strong arms,
subdued magic 1
a: Dig, Shaft Self, Renounce Religion, Depart the Abyss, Bend Space, Banish


You were on level 5 of the Dungeon.
You worshipped Lugonu.
Lugonu was most pleased with you.
You visited 1 branch of the dungeon, and saw 5 of its levels.
You visited the Abyss 1 time.

You collected 204 gold pieces.

Inventory:

Hand Weapons
 a - a +1 trident (weapon)
 b - a +2 mace of venom
Missiles
 j - 46 bolts
 r - 7 javelins
Armour
 f - a +0 ring mail (worn)
 m - a +0 plate armour
 t - a +0 buckler (worn)
Jewellery
 n - an amulet of reflection (around neck)
Wands
 q - a wand of digging (3)
Scrolls
 o - a scroll of fog
Potions
 c - 3 potions of haste
 d - a potion of curing
 g - a potion of resistance
 i - a potion of heal wounds {unknown}
 k - a potion of mutation
 l - 2 potions of degeneration
 s - a potion of invisibility
 u - a potion of cancellation {unknown}
 v - a potion of attraction {unknown}


   Skills:
 + Level 5.0 Fighting
 * Level 5.3 Polearms
 - Level 2.1 Armour
 - Level 0.8 Dodging
 + Level 2.2 Shields
 + Level 4.7 Invocations


You had 6 spell levels left.
You didn't know any spells.
Your spell library contained the following spells:

 Spells                   Type           Power      Damage    Failure   Level
 Animate Skeleton         Necr           0%         N/A       50%         1
 Pain                     Necr           0%         1d4       50%         1
 Vampiric Draining        Necr           0%         2d6       86%         3
 Animate Dead             Necr           0%         N/A       99%         4
 Agony                    Necr           0%         N/A       100%        5


Dungeon Overview and Level Annotations

Branches:
Dungeon (5/15)             Temple (0/1) D:4

Altars:
Elyvilon
Nemelex Xobeh
Xom


Innate Abilities, Weirdness & Mutations

You cannot be hasted, slowed, berserked, paralysed or teleported.
You can dig through walls and to a lower floor.
You have a pair of large antennae on your head. (SInv)
Your four strong arms can wield two-handed weapons with a shield.
Your spells are a little easier to cast, but a little less powerful.


Message History

The water moccasin is moderately wounded.
You feel very sick. You block the water moccasin's attack.
The water moccasin bites you!
You are more poisoned.
The water moccasin poisons you!
Press: ? - help, v - describe, . - travel
Here: a water moccasin (moderately wounded)
The floor, spattered with blood.
Your +2 mace of venom stops dripping with poison.
a - a +1 trident (weapon)
You feel very sick. The water moccasin bites you.
Press: ? - help, Shift-Dir - straight line, f - water moccasin
Aim: a water moccasin (moderately wounded, chance to affect: 83%)
You fail to use your ability.
You feel very sick. You block the water moccasin's attack.
Press: ? - help, Shift-Dir - straight line, f/p - water moccasin
Aim: a water moccasin (moderately wounded, chance to affect: 83%)
You fail to use your ability.
* * * LOW HITPOINT WARNING * * *
You feel very sick. You block the water moccasin's attack.
Press: ? - help, Shift-Dir - straight line, f/p - water moccasin
Aim: a water moccasin (moderately wounded, chance to affect: 83%)
You fail to use your ability.
* * * LOW HITPOINT WARNING * * *
You feel very sick. The water moccasin bites you.
* * * LOW HITPOINT WARNING * * *
You are more poisoned.
The water moccasin poisons you! The water moccasin bites you.
* * * LOW HITPOINT WARNING * * *
Press: ? - help, Shift-Dir - straight line, f/p - water moccasin
Aim: a water moccasin (moderately wounded, chance to affect: 83%)
You fail to use your ability.
* * * LOW HITPOINT WARNING * * *
You feel very sick. The water moccasin bites you.
You die...

#.# #......# #.# #.#..#.#
{ #.####.####.#
#.##........#
#.##.#......##
#.##.#....#.#. { .#
#.##.#..#.#.#.## { #.#
#.##.##.#.#.#..## { #..#
#.##.#....#.##@.## #..#
#.##.######.#.#S.###..#{
#........##.##.#..#..#
####.###.##.#.#.#...#
######.#......######.#####
.........................#
######.#################.#
#...............
#.##.#..........


You could see a water moccasin.

Vanquished Creatures
  An ice beast (D:5)
  A bullfrog (D:4)
  A scorpion (D:4)
  Natasha (thrice) (D:3)
  Robin (D:3)
  2 howler monkey skeletons (D:4)
  7 adders
  An ufetubus (D:4)
  2 adder skeletons (D:4)
  A worm (D:3)
  A dart slug (D:1)
  5 orcs
  6 ball pythons
  6 bats
  5 endoplasms
  2 giant cockroaches
  14 goblins
  7 hobgoblins
  20 jackals
  7 quokkas
  3 frilled lizards (D:1)
  8 kobolds
  4 rats
108 creatures vanquished.

Notes
Turn   | Place    | Note
-------+----------+-------------------------------------------
     0 | Abyss:1  | Glokmah the Formicid Abyssal Knight began the quest for the
                  | Orb.
     0 | Abyss:1  | Reached XP level 1. HP: 18/18 MP: 2/2
    26 | Abyss:2  | Noticed a neqoxec
    34 | Abyss:2  | Noticed a raiju
    35 | Abyss:2  | Noticed a raiju
    35 | Abyss:2  | Gained mutation: Your spells are a little easier to cast,
                  | but a little less powerful. [a neqoxec]
    36 | D:1      | Escaped the Abyss
   266 | D:1      | Reached XP level 2. HP: 22/24 MP: 3/3
   279 | D:1      | Reached * piety under Lugonu
   691 | D:1      | Reached XP level 3. HP: 27/29 MP: 3/5
   867 | D:1      | Found a faded altar of an unknown god.
  1186 | D:2      | Reached XP level 4. HP: 29/37 MP: 6/6
  1567 | D:2      | Reached ** piety under Lugonu
  2281 | D:3      | Noticed Robin
  2364 | D:3      | Reached XP level 5. HP: 32/42 MP: 7/7
  2372 | D:3      | Killed Robin
  2534 | D:3      | Noticed Natasha
  2539 | D:3      | Killed Natasha
  2922 | D:3      | Noticed Natasha
  2929 | D:3      | Killed Natasha
  3029 | D:3      | Noticed Natasha
  3033 | D:3      | Killed Natasha
  3034 | D:3      | Reached XP level 6. HP: 47/49 MP: 8/8
  3414 | D:4      | Found a white marble altar of Elyvilon.
  3542 | D:4      | Found a staircase to the Ecumenical Temple.
  3795 | D:4      | Reached skill level 1 in Shields
  3804 | D:4      | Reached *** piety under Lugonu
  3915 | D:4      | Reached skill level 5 in Polearms
  3915 | D:4      | Reached XP level 7. HP: 37/55 MP: 10/10
  4281 | D:4      | Found a sparkling altar of Nemelex Xobeh.
  4334 | D:5      | Entered Level 5 of the Dungeon
  4349 | D:5      | Found a shimmering altar of Xom.
  4376 | D:5      | Reached skill level 5 in Fighting
  4550 | D:5      | Noticed a water moccasin
  4558 | D:5      | HP: 2/56 [poisoned by a water moccasin]
  4558 | D:5      | Slain by a water moccasin

Illustrated notes

Levels and vault maps discovered:
D:1:      evilmike_arrival_hilbert_curve, layout_rooms,
          hellmonk_ecumenical_altar_zigzags
D:2:      layout_loops_ring, kennysheep_generic_room_15
D:3:      layout_basic, uniq_natasha, uniq_robin
D:4:      cheibrodos_barr_body, layout_cave_pools, nemelex_spade_bored_becter,
          overflow_temple_1_default, temple_doors_e
D:5:      minmay_diamond_boxcup, layout_basic, grunt_temple_overflow_bloody_war,
          marbit_many_paths, uniq_ijyb

Skill      XL: |  1  2  3  4  5  6  7 |
---------------+----------------------+-----
Polearms       | 3 4 5 |  5.3
Invocations    | 3 4 |  4.7
Fighting       | 4 5 |  5.0
Shields        | 1 2 |  2.2
Armour         | |  2.1
Dodging        | |  0.8

Action                   |  1- 3 |  4- 6 |  7- 9 || total
-------------------------+-------+-------+-------++-------
Melee: Spear             |    83 |    14 |       ||    97
       Mace              |    34 |   148 |    20 ||   202
       Trident           |       |    23 |       ||    23
Invok: Depart the Abyss  |     1 |       |       ||     1
 Abil: Dig               |     1 |     2 |       ||     3
  Use: Scroll            |       |    11 |     1 ||    12
Armor: Leather armour    |    14 |       |       ||    14
       Ring mail         |    18 |    83 |     8 ||   109
Dodge: Dodged            |    62 |    94 |     6 ||   162
Block: Buckler           |       |    17 |    11 ||    28

Table legend: (Time is in decaauts)
 A = Elapsed time spent in this place.
 B = Non-inter-level travel time spent in this place.
 C = Inter-level travel time spent in this place.
 D = Time resting spent in this place.
 E = Time spent auto-exploring this place.
 F = Levels seen in this place.
 G = Mean time per level.
                   A        B        C        D        E       F      G
               +--------+--------+--------+--------+--------+-----+--------+
         Total |   4641 |   4450 |    191 |    219 |   3183 |   7 |  663.0 |
       Dungeon |   4605 |   4414 |    191 |    219 |   3172 |   5 |  921.0 |
         Abyss |     35 |     35 |      0 |      0 |     11 |   2 |   17.5 |
               +--------+--------+--------+--------+--------+-----+--------+

Top non-repeatable levels by time:
     D:3: 1226 daAuts
     D:1: 1108 daAuts
     D:2: 1086 daAuts
     D:4: 956 daAuts
     D:5: 228 daAuts
 Abyss:2: 19 daAuts
 Abyss:1: 16 daAuts
